Map: Dusk Towers

Players

Geralt (Gerald)

  • Race: Protoss Protoss
  • League: Grandmaster

Miszu - Winner!

  • Race: Terran Terran
  • League: Grandmaster

VOD

Have the link to the VOD?

Description

Time

  • Played on: May 28, 2016, 4:52 p.m.
  • Length: 12:58
Show
View Real Time Build Order
Export as new Build Order

Geralt Protoss 

Build Orders: Oracle Opening, Zealot Archon 

Get SALT Encoding   

  12  0:01  Probe (Chrono Boost)  
  13  0:11  Probe (Chrono Boost)  
  14  0:17  Pylon  
  14  0:22  Probe (Chrono Boost)  
  16  0:35  Probe (Chrono Boost)  
  16  0:39  Gateway  
  16  0:41  Assimilator  
  16  0:46  Probe (Chrono Boost)  
  17  0:57  Probe (Chrono Boost)  
  18  1:07  Probe (Chrono Boost)  
  19  1:18  Probe (Chrono Boost)  
  20  1:27  Cybernetics Core, Pylon  
  20  1:28  Probe (Chrono Boost)  
  21  1:39  Probe (Chrono Boost)  
  22  1:47  Nexus  
  22  1:55  Assimilator  
  22  1:56  Probe (Chrono Boost)  
  23  2:04  Adept (Chrono Boost)  
  25  2:11  Probe  
  25  2:14  Stargate  
  25  2:25  Probe  
  25  2:28  Adept (Chrono Boost)  
  28  2:37  Probe  
  29  2:49  Probe  
  30  2:58  Probe  
  30  3:01  Probe  
  32  3:06  Adept (Chrono Boost), Oracle (Chrono Boost)  
  32  3:08  Probe  
  38  3:14  Probe  
  38  3:19  Probe  
  39  3:23  Pylon  
  39  3:25  Assimilator  
  39  3:26  Probe  
  41  3:29  Probe  
  42  3:38  Probe  
  42  3:40  Probe  
  43  3:48  Robotics Facility, Warp Gate  
  44  3:50  Probe  
  44  3:51  Probe  
  46  3:56  Forge  
  46  4:01  Probe  
  46  4:02  Probe  
  51  4:12  Probe  
  51  4:14  Probe  
  53  4:22  Probe, Phoenix (Chrono Boost)  
  53  4:28  Pylon  
  53  4:29  Assimilator  
  53  4:32  Protoss Ground Armor Level 1  
  53  4:33  Probe  
  53  4:35  Twilight Council  
  53  4:36  Gateway  
  54  4:39  Gateway  
  54  4:44  Probe  
  54  4:46  Observer, Pylon  
  54  4:51  Phoenix (Chrono Boost)  
  58  4:58  Probe  
  59  5:02  Probe  
  60  5:13  Phoenix (Chrono Boost)  
  62  5:17  Nexus  
  62  5:19  Pylon x2  
  62  5:25  Immortal  
  62  5:26  Pylon  
  66  5:29  Probe  
  66  5:32  Probe  
  68  5:37  Charge (Chrono Boost)  
  69  5:43  Probe (Chrono Boost)  
  69  5:45  Gateway  
  69  5:48  Mothership Core (Chrono Boost)  
  71  5:51  Adept x2  
  71  5:55  Probe (Chrono Boost)  
  71  5:56  Phoenix  
  78  6:04  Zealot  
  78  6:05  Probe (Chrono Boost)  
  78  6:08  Immortal  
  78  6:10  Probe (Chrono Boost)  
  86  6:12  Protoss Ground Armor Level 2  
  86  6:15  Probe (Chrono Boost)  
  87  6:20  Probe  
  88  6:26  Phoenix  
  88  6:27  Probe  
  88  6:29  Pylon  
  88  6:30  Probe  
  88  6:32  Probe  
  93  6:39  Probe  
  94  6:42  Templar Archives, Probe  
  94  6:44  Probe, Zealot  
  98  6:47  Zealot  
  98  6:51  Probe  
  98  6:54  Immortal  
  105  6:56  Zealot  
  105  6:59  Probe  
  105  7:01  Probe  
  108  7:04  Zealot  
  108  7:07  Assimilator  
  111  7:08  Probe  
  111  7:11  Assimilator  
  112  7:19  Zealot x2  
  112  7:22  Pylon  
  116  7:23  Probe  
  116  7:26  Pylon  
  117  7:40  Psionic Storm, Probe, Phoenix  
  117  7:41  Immortal  
  124  7:44  Gateway  
  124  7:45  Gateway  
  124  7:46  High Templar x2  
  124  7:47  Pylon  
  124  7:49  Pylon, Probe  
  124  7:50  Archon  
  129  7:51  Pylon, Zealot  
  129  7:58  Zealot  
  133  8:05  Pylon  
  133  8:06  Probe  
  133  8:07  Phoenix  
  133  8:10  Probe  
  133  8:12  Pylon  
  137  8:15  Probe  
  137  8:16  Protoss Ground Armor Level 3  
  138  8:22  Nexus  
  138  8:23  Robotics Bay  
  138  8:24  Pylon, Probe  
  138  8:25  High Templar x2  
  143  8:31  Zealot x2  
  143  8:33  Probe  
  148  8:41  Probe  
  149  8:55  Probe  
  147  9:02  Probe  
  147  9:03  Probe  
  147  9:04  Pylon  
  147  9:07  Probe, Photon Cannon  
  147  9:08  Photon Cannon  
  149  9:10  Photon Cannon  
  149  9:11  Gateway, Photon Cannon, Disruptor (Chrono Boost)  
  149  9:14  Probe  
  149  9:15  High Templar x2  
  149  9:16  Zealot x3  
  163  9:17  Gateway  
  163  9:19  High Templar  
  165  9:25  Phoenix  
  165  9:30  Assimilator  
  165  9:31  Probe x2  
  168  9:35  Assimilator  
  165  9:38  Pylon  
  165  9:42  Zealot  
  165  9:43  Zealot x2  
  165  9:44  Disruptor (Chrono Boost)  
  174  9:59  Zealot x3  
  180  10:15  Zealot x3, Disruptor (Chrono Boost)  
  180  10:16  Archon, Probe  
  176  10:27  Zealot x3  
  113  10:37  Zealot x3  
  113  10:40  Mothership Core  
  97  10:47  Disruptor (Chrono Boost), Phoenix  
  97  10:49  Stalker x3  
  106  10:57  Protoss Ground Weapons Level 1, Probe  
  105  11:03  Zealot x5  
  115  11:10  Probe  
  116  11:12  Nexus  
  116  11:13  Photon Cannon  
  116  11:16  Pylon  
  116  11:25  High Templar x3  
  118  11:26  Zealot x5  
  118  11:29  Probe  
  133  11:32  Phoenix  
  133  11:34  Probe  
  136  11:42  Photon Cannon  
  136  11:44  Probe  
  137  12:07  Zealot x5  
  147  12:09  Zealot x3  
  147  12:13  Disruptor (Chrono Boost)  
  144  12:26  Nexus  
  110  12:37  Zealot x8  
  92  12:42  Archon  
Show
View Real Time Build Order
Export as new Build Order

Miszu Terran - Winner!

Build Orders: Reaper Expand, MMM Bio 

Get SALT Encoding   

  12  0:01  SCV  
  13  0:13  SCV  
  14  0:17  Supply Depot  
  14  0:25  SCV  
  15  0:39  SCV  
  15  0:41  Barracks  
  16  0:44  Refinery  
  16  0:51  SCV  
  17  1:03  SCV  
  18  1:16  SCV  
  19  1:28  Orbital Command  
  19  1:29  Reaper  
  20  1:43  Command Center  
  20  1:54  SCV  
  21  1:57  Supply Depot  
  21  2:01  Barracks Reactor  
  21  2:06  SCV  
  22  2:12  Engineering Bay  
  22  2:18  SCV  
  22  2:21  Barracks  
  23  2:30  SCV  
  24  2:38  Terran Infantry Weapons Level 1  
  24  2:40  Marine x2  
  24  2:43  SCV  
  27  2:55  SCV  
  27  2:58  Marine x2  
  30  3:00  Orbital Command  
  30  3:08  Barracks Tech Lab  
  30  3:10  SCV  
  31  3:15  Marine  
  31  3:16  Marine  
  31  3:19  Refinery  
  33  3:22  SCV  
  33  3:26  SCV  
  35  3:29  Supply Depot  
  35  3:32  Stimpack  
  35  3:34  SCV  
  35  3:38  SCV  
  35  3:39  Missile Turret x2  
  37  3:44  Marine  
  37  3:45  Marine x2  
  37  3:46  SCV  
  41  3:50  SCV  
  41  3:55  Supply Depot  
  42  3:58  SCV  
  42  4:02  SCV  
  44  4:11  SCV  
  44  4:14  Factory, Marauder, SCV  
  47  4:18  Refinery  
  47  4:23  SCV  
  47  4:26  Marine x2, SCV  
  50  4:32  Supply Depot  
  50  4:35  SCV  
  50  4:36  Barracks  
  50  4:38  Marauder  
  53  4:39  SCV  
  53  4:44  Marine x2  
  56  4:46  Terran Infantry Armor Level 1  
  56  4:47  SCV  
  56  4:50  Supply Depot  
  56  4:51  SCV  
  58  4:59  Marine, SCV  
  60  5:01  Marine  
  60  5:03  Factory Reactor  
  60  5:04  Starport  
  60  5:06  Marine  
  62  5:07  SCV  
  62  5:11  SCV  
  62  5:13  Supply Depot  
  64  5:16  Marine  
  64  5:19  Marine  
  64  5:20  SCV  
  67  5:27  SCV  
  68  5:30  Marine  
  68  5:34  Command Center  
  68  5:35  SCV  
  70  5:37  Supply Depot, Marine  
  70  5:38  Refinery  
  70  5:42  SCV  
  71  5:43  Marauder  
  71  5:45  Barracks Tech Lab  
  71  5:49  Factory Reactor  
  73  5:50  Medivac  
  73  5:51  Medivac  
  77  5:57  Barracks  
  77  6:01  Barracks  
  77  6:05  Marine  
  77  6:06  Marauder x2  
  77  6:08  Combat Shields  
  82  6:12  Armory  
  82  6:16  Supply Depot, SCV  
  82  6:18  Marine  
  84  6:23  Marine  
  85  6:27  Marauder  
  85  6:29  Marauder  
  85  6:30  SCV  
  85  6:31  SCV  
  91  6:34  Widow Mine  
  91  6:36  Marine  
  91  6:38  Medivac x2, Widow Mine  
  100  6:41  Supply Depot, Marine  
  100  6:42  SCV  
  102  6:56  Barracks Reactor, Barracks Tech Lab  
  102  7:01  Marine, Missile Turret  
  102  7:02  Marauder x2, SCV x2, Terran Infantry Weapons Level 2  
  102  7:08  Orbital Command  
  109  7:14  SCV  
  109  7:15  SCV  
  114  7:26  SCV  
  114  7:27  Supply Depot, SCV  
  114  7:29  Marauder  
  121  7:37  SCV  
  121  7:38  Ghost Academy, SCV, Liberator  
  121  7:39  Liberator, SCV  
  121  7:40  Marine  
  125  7:46  Refinery  
  125  7:48  Marine  
  125  7:49  Marauder  
  125  7:50  Supply Depot  
  128  7:52  Marine x2  
  128  7:53  Marine x2  
  128  7:58  Marine  
  133  8:09  Barracks  
  133  8:11  Marine x3, Barracks  
  133  8:12  Supply Depot, Barracks  
  137  8:15  Ghost  
  137  8:16  Ghost  
  140  8:24  Marine  
  141  8:33  Ghost  
  141  8:34  Supply Depot, Marine  
  141  8:35  Supply Depot, SCV x3  
  141  8:40  Marine  
  141  8:41  Marine  
  149  8:50  Ghost  
  149  8:55  Marine, SCV, Ghost  
  153  9:02  Barracks Reactor, Barracks Tech Lab x2, Ghost  
  153  9:03  Command Center  
  153  9:08  Supply Depot x2  
  155  9:18  Ghost  
  155  9:23  Marine x3, Ghost  
  155  9:24  Ghost  
  162  9:28  Terran Infantry Weapons Level 3  
  162  9:29  Ghost  
  166  9:32  Supply Depot  
  166  9:33  Supply Depot  
  162  9:49  Marine, Marauder x2  
  162  9:52  Ghost x2  
  168  9:58  Ghost  
  172  10:10  Ghost x2  
  172  10:26  Marine x5  
  172  10:27  Marine  
  121  10:41  Marine x5  
  112  10:43  Medivac x2  
  112  10:44  Marine  
  112  10:49  Marine x2  
  119  10:53  Marine x2  
  121  10:58  Marine, Ghost  
  121  10:59  Marine x2  
  119  11:06  Marine x2  
  119  11:07  Marine  
  119  11:08  Supply Depot  
  119  11:09  Marauder x2  
  119  11:11  Marine x2  
  127  11:13  Medivac  
  127  11:15  SCV  
  127  11:16  Marine  
  127  11:17  Marine  
  133  11:22  Medivac  
  133  11:24  Planetary Fortress  
  131  11:29  Marine  
  131  11:30  Marine, Marauder  
  131  11:31  Marine, SCV  
  131  11:32  Marine x2, Marauder  
  142  11:33  Marauder  
  142  11:36  Marine  
  142  11:37  Marauder x2  
  148  11:43  Medivac  
  148  11:44  Command Center  
  150  11:47  Marine  
  150  11:48  Refinery, Concussive Shells  
  150  11:51  Marauder  
  149  12:13  Ghost x2  
  149  12:14  Ghost  
  149  12:15  Marauder x2  
  141  12:33  Marine  
  141  12:34  Marine x5  
  141  12:36  Marauder  
Tags
 
Add a new tag
Caveats
  • Supply blocks, unpowered buildings, or Contaminate may cause inaccurate times.
  • Supply counts are checked every 10 seconds.